 Dungeon Crawl Stone Soup version 0.19.5 (webtiles) character file.

478 tognito the Skirmisher (level 6, 0/87 HPs)
             Began as a Minotaur Berserker on Mar 21, 2017.
             Was a Priest of Trog.
             Succumbed to an orc wizard's poison
             ... on level 4 of the Dungeon.
             The game lasted 00:08:25 (2950 turns).

tognito the Skirmisher (Minotaur Berserker)         Turns: 2950, Time: 00:08:26

Health: 0/87       AC:  9    Str: 29    XL:     6   Next: 86%
Magic:  5/5        EV: 10    Int:  4    God:    Trog [***...]
Gold:   142        SH:  0    Dex:  9    Spells: 0 memorised, 5 levels left

rFire  . . .     SeeInvis .     a - +0 hand axe
rCold  . . .     Gourm    .     d - +0 chain mail
rNeg   . . .     Faith    .     (no shield)
rPois  .         Spirit   .     (helmet restricted)
rElec  .         Reflect  .     (no cloak)
rCorr  .         Harm     .     (no gloves)
MR     .....                    (no boots)
Stlth  ..........               (no amulet)
                                (no ring)
                                (no ring)

@: berserking, lethally poisoned (0 -> -16), very slightly contaminated, hasted,
very quick
A: retaliatory headbutt, horns 2
a: Berserk, Trog's Hand, Burn Spellbooks, Renounce Religion


You were on level 4 of the Dungeon.
You worshipped Trog.
Trog was most pleased with you.
You were very hungry.

You visited 1 branch of the dungeon, and saw 4 of its levels.

You collected 142 gold pieces.

Inventory:

Hand Weapons
 a - a +0 hand axe (weapon)
Missiles
 i - 65 arrows
 j - 23 bolts
Armour
 d - a +0 chain mail (worn)
Jewellery
 n - an uncursed ring of protection from fire
Scrolls
 b - a scroll of identify
Potions
 e - a potion of brilliance
Comestibles
 c - 2 bread rations
 g - 2 beef jerkies
 h - 4 fruits
 m - a meat ration


   Skills:
 * Level 6.4 Fighting
 * Level 6.1 Axes
 + Level 3.9 Armour
 + Level 3.7 Dodging


You had 5 spell levels left.
You didn't know any spells.

Dungeon Overview and Level Annotations

Branches:
Dungeon (4/15)
 Temple: D:4-7

Altars:
Hepliaklqana
Okawaru
Ru
Vehumet
Xom
Yredelemnul


Innate Abilities, Weirdness & Mutations

You reflexively headbutt those who attack you in melee.
You have a pair of horns on your head.


Message History

The magic dart hits you!
* * * LOW HITPOINT WARNING * * *
You closely miss the leopard gecko. You hit something.
* * * LOW HITPOINT WARNING * * *
You feel sick. The leopard gecko bites you.
* * * LOW HITPOINT WARNING * * *
You hit the leopard gecko. Your headbutt misses the leopard gecko.
The leopard gecko is almost dead.
You slash something! Trog accepts your kill.
Trog appreciates your killing of a magic user.
Reactivating autopickup.
You feel a bit more experienced.
* * * LOW HITPOINT WARNING * * *
You feel sick. The leopard gecko barely misses you.
You slash the leopard gecko!
You feel the power of Trog in you as your rage grows.
You kill the leopard gecko!
Trog accepts your kill.
You die...

##.....# #.....
#......# #.....
#......# #.....
#......# ######
######.#####
#..........#######
#................#
#........?)......#
#........@)......#
#................#
#..)...[.........#
#.....#.#........#
#.....#.#........#
.....#.#........#
.. #....(#....#
######....


There were no monsters in sight!

Vanquished Creatures
  Eustachio (D:4)
  2 orc priests (D:4)
  Jessica (D:3)
  2 orc wizards
  A hound skeleton (D:4)
  4 adders
  A shadow imp (D:4)
  5 oozes
  5 worms
  A dart slug (D:1)
  2 leopard geckos
  12 orcs
  10 bats
  7 giant cockroaches
  9 goblins
  3 hobgoblins
  5 jackals (D:1)
  5 kobolds
  3 quokkas (D:3)
  A frilled lizard (D:2)
  A quokka skeleton (D:3)
  12 rats
93 creatures vanquished.

Notes
Turn   | Place    | Note
-------+----------+-------------------------------------------
     0 | D:1      | tognito the Minotaur Berserker began the quest for the Orb.
     0 | D:1      | Reached XP level 1. HP: 19/19 MP: 0/0
     3 | D:1      | Found a runed door.
   280 | D:1      | Reached XP level 2. HP: 27/27 MP: 1/1
   830 | D:2      | Found a basalt altar of Yredelemnul.
   912 | D:2      | Reached XP level 3. HP: 31/33 MP: 2/2
  1083 | D:2      | Reached ** piety under Trog
  1458 | D:3      | You fall through a shaft!
  1490 | D:4      | Reached XP level 4. HP: 29/41 MP: 3/3
  1831 | D:3      | Found a shimmering altar of Xom.
  1832 | D:3      | Found a hazy altar of Hepliaklqana.
  1832 | D:3      | Noticed a yak
  1833 | D:3      | Noticed a spectral ugly thing
  1833 | D:3      | Noticed a yak
  2043 | D:1      | Reached skill level 5 in Fighting
  2301 | D:3      | Reached XP level 5. HP: 46/48 MP: 4/4
  2484 | D:3      | Reached skill level 5 in Axes
  2489 | D:3      | Found a sacrificial altar of Ru.
  2677 | D:3      | Noticed Jessica
  2684 | D:3      | Killed Jessica
  2685 | D:3      | Found a radiant altar of Vehumet.
  2851 | D:4      | Noticed Eustachio
  2859 | D:4      | Reached *** piety under Trog
  2872 | D:4      | Killed Eustachio
  2872 | D:4      | Reached XP level 6. HP: 57/57 MP: 5/5
  2906 | D:4      | Found an iron altar of Okawaru.
  2947 | D:4      | HP: 4/87 [something/magic dart (1)]
  2949 | D:4      | HP: 1/87 [poisoned by an orc wizard]
  2950 | D:4      | Succumbed to an orc wizard's poison

Skill      XL: |  1  2  3  4  5  6 |
---------------+-------------------+-----
Fighting       | 4 5 6 |  6.4
Axes           | 4 5 6 |  6.1
Armour         | 3 |  3.9
Dodging        | 3 |  3.7

Action                   |  1- 3 |  4- 6 || total
-------------------------+-------+-------++-------
Melee: Hand axe          |    86 |   141 ||   227
       Headbutt          |     6 |    24 ||    30
Invok: Berserk           |       |     2 ||     2
       Trog's Hand       |       |     1 ||     1
  Use: Potion            |     6 |     2 ||     8
       Scroll            |       |     9 ||     9
  Eat: Chunk             |     2 |     6 ||     8
Armor: Scale mail        |    37 |     4 ||    41
       Chain mail        |       |    95 ||    95
Dodge: Dodged            |    54 |    88 ||   142
